 Dungeon Crawl Stone Soup version 0.23.0 (webtiles) character file.

Game seed: 17589783318506962444

653 Flugkiller the Grave Robber (level 7, -9/54 HPs)
             Began as a Human Necromancer on Feb 9, 2019.
             Killed from afar by an orc wizard (13 damage)
             ... with a puff of flame
             ... on level 3 of the Dungeon.
             The game lasted 00:12:59 (4169 turns).

Flugkiller the Grave Robber (Human Necromancer)     Turns: 4169, Time: 00:13:00

Health: -9/54      AC:  3    Str:  9    XL:     7   Next: 84%
Magic:  11/14      EV: 12    Int: 17    God:
Gold:   258        SH:  0    Dex: 13    Spells: 10/15 levels left

rFire    . . .     SeeInvis .   p - +1 dagger (venom)
rCold    . . .     Gourm    .   (no shield)
rNeg     . . .     Faith    .   a - +0 robe
rPois    .         Spirit   .   (no helmet)
rElec    .         Reflect  .   t - scarf {repulsion}
rCorr    .         Harm     .   u - +0 pair of gloves
MR       .....                  (no boots)
Stlth    ++........             (no amulet)
HPRegen  0.18/turn              (no ring)
MPRegen  0.14/turn              (no ring)

@: repel missiles
A: no striking features
a: no special abilities


You were on level 3 of the Dungeon.
You were hungry.

You visited 1 branch of the dungeon, and saw 4 of its levels.

You collected 258 gold pieces.

Inventory:

Hand Weapons
 l - a +1 dagger of protection
   (You took it off a kobold on level 2 of the Dungeon)
 p - a +1 dagger of venom (weapon)
   (You found it on level 3 of the Dungeon)
Missiles
 q - 2 throwing nets (quivered)
Armour
 a - a +0 robe (worn)
 k - a +0 cloak
   (You found it on level 1 of the Dungeon)
 o - a +0 shield
   (You found it on level 2 of the Dungeon)
 t - a scarf of repulsion (worn)
   (You found it on level 4 of the Dungeon)
 u - a +0 pair of gloves (worn)
   (You found it on level 4 of the Dungeon)
 w - a +0 leather armour of fire resistance
   (You took it off an orc on level 4 of the Dungeon)
Wands
 s - a wand of flame (20)
   (You took it off Natasha on level 3 of the Dungeon)
 v - a wand of iceblast (11)
   (You took it off an orc on level 4 of the Dungeon)
Scrolls
 b - a scroll of fear
 d - 5 scrolls of teleportation
 e - a scroll of immolation {unknown}
 f - a scroll of magic mapping {unknown}
 i - 2 scrolls of remove curse
Potions
 g - 2 potions of agility
 h - a potion of heal wounds {unknown}
 j - a potion of resistance {unknown}
 m - a potion of magic {unknown}
 n - 2 potions of degeneration
 r - 2 potions of curing
Comestibles
 c - 5 rations


   Skills:
 + Level 4.0 Fighting
 - Level 2.0 Dodging
 - Level 2.0 Stealth
 + Level 4.7 Spellcasting
 + Level 6.2 Necromancy


You had 10 spell levels left.
You knew the following spells:

 Your Spells              Type           Power        Failure   Level  Hunger
a - Pain                  Necr           ####         1%          1    None
b - Animate Skeleton      Necr           N/A          1%          1    None
c - Vampiric Draining     Necr           ####......   3%          3    ###....

Your spell library contained the following spells:

 Spells                   Type           Power        Failure   Level  Hunger
 Animate Dead             Necr           N/A          11%         4    ####...
 Regeneration             Chrm/Necr      ##........   12%         3    ###....


Dungeon Overview and Level Annotations

Branches:
Dungeon (4/15)
 Temple: D:4-7

Altars:
Okawaru


Message History

Confirm with . or Enter, or press ? or * to list all spells.
Aiming: Vampiric Draining (safe; 3% risk of failure)
Press: ? - help, Shift-Dir - straight line, f/p - orc wizard
Aim: an orc wizard, wielding a +1 dagger of speed and wearing a +0 robe (heavily wounded, poisoned)
You kill the orc wizard!
Your Fighting skill increases to level 4!
You feel life coursing into your body. Something hits you but does no damage.
You hear some strange, mumbled words.
A puff of frost appears from out of thin air!
The puff of frost is repelled.
A magic dart appears from out of thin air!
The magic dart hits you. Something hits you but does no damage.
The orc priest looks encouraged for a moment.
Unknown command.
Something hits you but does no damage.
The orc priest mumbles some strange prayers to Beogh against you.
Beogh smites you!
* * * LOW HITPOINT WARNING * * *
Unknown command.
Something hits you.
* * * LOW HITPOINT WARNING * * *
Unknown command.
A magic dart appears from out of thin air!
The magic dart hits you.
* * * LOW HITPOINT WARNING * * *
Unknown command.
A magic dart appears from out of thin air!
The magic dart hits you.
* * * LOW HITPOINT WARNING * * *
The orc priest invokes the aid of Beogh against you.
Beogh smites you!
* * * LOW HITPOINT WARNING * * *
Something hits you.
* * * LOW HITPOINT WARNING * * *
There is a stone staircase leading up here.
You hear some strange, mumbled words.
A puff of flame appears from out of thin air!
The puff of flame misses you.
You climb upwards.
Reactivating autopickup.
There is a stone staircase leading down, spattered with blood here.
Unknown command.
Unknown command.
You hear some strange, mumbled words.
A puff of flame appears from out of thin air!
Deactivating autopickup; reactivate with Ctrl-A.
The puff of flame hits you!
You die...

#.#.#.####.#
#.#.#.#..#.#
#.#.#.#..#.##
##.....#.....#
#.....##.##..#####
#.....#..[..[....#
#........#..####.#
#.......#.....##.#
######.####..#..@#Z##Z#
.....Z..((...)..>#.#..#
.#####.....((.(..#.#.##
.#..........(###.#.#.#
.#.....[.....#...#.#<#
.#...........#Z###.###
.#...........#.ZZ..#
##...........#######
##############


There were no monsters in sight!

Vanquished Creatures
  An ogre (D:3)
  A scorpion (D:4)
  A crimson imp (D:3)
  A hound (D:3)
  3 orc priests
  Jessica (D:2)
  Natasha (thrice) (D:3)
  2 worker ants
  3 orc wizards
  A hound skeleton (D:4)
  An adder (D:4)
  A worm (D:2)
  3 leopard geckos (D:3)
  11 orcs
  4 giant cockroaches
  9 goblins
  6 hobgoblins
  3 kobolds
  A quokka (D:4)
  6 bats
  7 frilled lizards
  A quokka skeleton (D:4)
  5 rats
75 creatures vanquished.

Vanquished Creatures (collateral kills)
  An orc priest (D:3)
  A hound skeleton (D:4)
  An ooze (D:3)
  A leopard gecko (D:2)
  An orc (D:4)
  A giant cockroach (D:1)
  2 goblins (D:3)
8 creatures vanquished.

Grand Total: 83 creatures vanquished

Notes
Turn   | Place    | Note
-------+----------+-------------------------------------------
     0 | D:1      | Flugkiller the Human Necromancer began the quest for the
                  | Orb.
     0 | D:1      | Reached XP level 1. HP: 13/13 MP: 3/3
   140 | D:1      | Learned a level 1 spell: Animate Skeleton
   254 | D:1      | Reached XP level 2. HP: 16/19 MP: 3/5
  1091 | D:2      | Reached XP level 3. HP: 22/24 MP: 2/6
  1549 | D:2      | Noticed Jessica
  1755 | D:1      | Learned a level 3 spell: Vampiric Draining
  1802 | D:2      | Killed Jessica
  1802 | D:2      | Reached XP level 4. HP: 22/31 MP: 3/8
  1897 | D:3      | Reached skill level 1 in Fighting
  1973 | D:3      | Reached skill level 5 in Necromancy
  1973 | D:3      | Reached XP level 5. HP: 24/38 MP: 1/9
  2137 | D:3      | Found an iron altar of Okawaru.
  2435 | D:3      | Noticed Natasha
  2450 | D:3      | Killed Natasha
  2634 | D:3      | Noticed Natasha
  2638 | D:3      | Killed Natasha
  2638 | D:3      | Reached XP level 6. HP: 22/44 MP: 7/11
  2752 | D:3      | Noticed Natasha
  2758 | D:3      | Killed Natasha
  3142 | D:4      | Reached XP level 7. HP: 38/52 MP: 9/13
  3828 | D:4      | Reached skill level 6 in Necromancy
  4169 | D:3      | Killed from afar by an orc wizard

Skill      XL: |  1  2  3  4  5  6  7 |
---------------+----------------------+-----
Spellcasting   | 3 4 |  4.7
Fighting       | 1 2 3 4 |  4.0
Necromancy     | 5 6 |  6.2
Dodging        | |  2.0
Stealth        | |  2.0

Action                   |  1- 3 |  4- 6 |  7- 9 || total
-------------------------+-------+-------+-------++-------
Melee: Unarmed           |     1 |       |       ||     1
       Dagger            |    15 |    73 |    61 ||   149
 Cast: Pain              |    58 |    27 |    12 ||    97
       Animate Skeleton  |    14 |    16 |     4 ||    34
       Vampiric Draining |       |     9 |    12 ||    21
  Use: Scroll            |     3 |     2 |       ||     5
       Potion            |     2 |       |       ||     2
 Stab: Sleeping          |     1 |     2 |       ||     3
  Eat: Chunk             |     3 |     5 |     4 ||    12
Armor: Robe              |     4 |    22 |     8 ||    34
Dodge: Dodged            |    21 |    59 |    29 ||   109
       Deflected         |       |       |     1 ||     1
